 Dungeon Crawl Stone Soup version 0.25-a0-87-ga3d287b (webtiles) character file.

Game seed: 5766226941034589225, levelgen mode: deterministic

35943 BoppinsLewinski the Cleaver (level 13, -14/114 HPs)
             Began as a Pale Draconian Fighter on Nov 11, 2019.
             Was a Believer of Qazlal.
             Shot with an arrow by Nessos (21 damage)
             ... on level 6 of the Lair of Beasts.
             The game lasted 00:47:18 (20326 turns).

BoppinsLewinski the Cleaver (DrFi)                 Turns: 20326, Time: 00:47:18

Health: -14/114    AC: 12    Str: 22    XL:     13   Next: 50%
Magic:  9/18       EV: 17    Int:  9    God:    Qazlal [**....]
Gold:   1038       SH: 16    Dex: 16    Spells: 12/12 levels left

rFire    + . .     SeeInvis +   x - +0 broad axe
rCold    . . .     Gourm    .   b - +1 shield
rNeg     + . .     Faith    .   (armour unavailable)
rPois    .         Spirit   .   f - +0 hat {SInv}
rElec    +         Reflect  .   e - +0 cloak
rCorr    .         Harm     .   (no gloves)
MR       .....                  l - +2 pair of boots
Stlth    +.........             q - amulet of regeneration
HPRegen  0.69/turn              p - +4 ring of dexterity
MPRegen  0.16/turn              G - ring of positive energy

@: lethally poisoned (-14 -> -40)
A: breathe steam, unfitting armour, horns 1, stinger 1, fire resistance 1, low
mp 1, electricity resistance, cold-blooded, AC +8
a: Breathe Steam, Upheaval, Renounce Religion


You were on level 6 of the Lair of Beasts.
You worshipped Qazlal.
Qazlal was pleased with you.
You were not hungry.

You visited 3 branches of the dungeon, and saw 17 of its levels.
You also visited: Ossuary and Volcano.

You collected 1233 gold pieces.
You spent 195 gold pieces at shops.

Inventory:

Hand Weapons
 x - a +0 broad axe (weapon)
 A - a +1 flail of crushing
Missiles
 g - a throwing net (quivered)
Armour
 a - a +1 hat
 b - a +1 shield (worn)
 e - a +0 cloak (worn)
 f - a +0 hat of see invisible (worn)
 l - a +2 pair of boots (worn)
Jewellery
 p - a +4 ring of dexterity (left hand)
 q - an amulet of regeneration (around neck)
 G - a ring of positive energy (right hand)
Wands
 h - a wand of flame (20)
 r - a wand of random effects (9)
 w - a wand of enslavement (6)
 D - a wand of acid (1)
Scrolls
 c - 13 scrolls of teleportation
 j - 3 scrolls of remove curse
 k - a scroll of enchant armour
 m - a scroll of summoning
 s - 3 scrolls of immolation
 t - 2 scrolls of fog
 v - 4 scrolls of magic mapping
 z - 2 scrolls of amnesia
 B - a scroll of enchant weapon
Potions
 i - a potion of brilliance {unknown}
 n - 2 potions of flight
 o - 3 potions of magic
 u - a potion of haste
 C - a potion of cancellation
Miscellaneous
 y - a lightning rod (inert)
 E - a fan of gales (inert)
Comestibles
 d - 27 rations


   Skills:
 + Level 10.4 Fighting
 * Level 12.8 Axes
 + Level 8.9 Dodging
 + Level 9.7 Shields
 * Level 10.5 Invocations
 + Level 7.7 Evocations


You had 12 spell levels left.
You didn't know any spells.
Your spell library contained the following spells:

 Spells                   Type           Power        Failure   Level  Hunger
 Flame Tongue             Conj/Fire      #....        61%         1    ##.....
 Shock                    Conj/Air       #...         61%         1    ##.....
 Shroud of Golubria       Chrm/Tloc      #.....       75%         2    ###....
 Sticks to Snakes         Tmut           #.......     75%         2    ###....
 Swiftness                Chrm/Air       #.......     75%         2    ###....
 Throw Flame              Conj/Fire      #.....       75%         2    ###....
 Conjure Flame            Conj/Fire      #.......     93%         3    ####...
 Ignite Poison            Fire/Tmut/Pois #.......     93%         3    ####...
 Inner Flame              Hex/Fire       #.......     93%         3    ####...
 Static Discharge         Conj/Air       #.......     93%         3    ####...
 Teleport Other           Tloc           #.......     93%         3    ####...
 Airstrike                Air            #.........   100%        4    #####..
 Ice Form                 Ice/Tmut       #.......     100%        4    #####..
 Sticky Flame             Conj/Fire      #.......     100%        4    #####..
 Fireball                 Conj/Fire      #.........   100%        5    ######.
 Lightning Bolt           Conj/Air       #.........   100%        5    ######.


Dungeon Overview and Level Annotations

Branches:
Dungeon (10/15)            Temple (1/1) D:7            Lair (6/6) D:10
  Swamp (0/4) Lair:3        Snake (0/4) Lair:3        Slime (0/5) Lair:5
Ossuary (visited)         Volcano (visited)
    Orc: D:9-12

Altars:
Ashenzari
Cheibriados
Dithmenos
Elyvilon
Fedhas
Gozag
Hepliaklqana
Kikubaaqudgha
Makhleb
Nemelex Xobeh
Okawaru
Qazlal
Ru
Sif Muna
Trog
Uskayaw
Vehumet
Wu Jian
Xom
Yredelemnul
Zin
The Shining One
Jiyva

Shops:
D:4 *   D:8 %:(*   D:9 (

Annotations:
D:3 exclusion: downstairs
D:8 3 runed translucent doors, Alphaeus's ghost, novice TrEE
D:9 exclusion: 2 downstairs
Lair:5 exclusion: downstairs
Lair:6 Nessos


Innate Abilities, Weirdness & Mutations

You can breathe blasts of scalding, opaque steam.
Your pale cyan-grey scales are hard. (AC +8)
You cannot fit into any form of body armour.
You are cold-blooded and may be slowed by cold attacks.
You have a pair of small horns on your head.
Your tail ends in a poisonous barb.
Your flesh is heat resistant. (rF+)
Your magical capacity is low. (-10% MP)
You are resistant to electric shocks. (rElec)


Message History

Ye be leth'lly poison'd!
* * * LOW HITPOINT WARNIN'
* * * A blink frog comes inta view.
* * * LOW HITPOINT WARNIN'
* * * Ye feel very sick.
Nessos says, "Ev'n if'n ye were a mare, I'd kill ye!"
Nessos gestures wildly while chantin'.
Nessos seems ta speed up.
Tha blink frog blinks!
Nessos blinks!
Ye see 'ere a hippogriff corpse.
* * * LOW HITPOINT WARNIN'
* * * Ye feel very sick.
Nessos shoots an arrow.
Tha arrow misses ye.
A rime drake comes inta view.
Tha blink frog blinks!
Nessos pounds tha earth wit thar hooves.
Nessos shoots an arrow.
Tha arrow misses ye.
* * * LOW HITPOINT WARNIN'
* * * Ye feel very sick.
Nessos shoots an arrow.
Tha arrow hits ye!!
Ye die...

... #. .......
.........= P .
#......... .#
.k .P........
...## ..§......
..§..# ........
#.....##○#...c.
#...FF@..#
#....○(E.#
....#.#...# .#.
####.## ###


You could see Nessos, 2 blink frogs, a rime drake and a friendly earth
elemental.

Vanquished Creatures
  Gastronok (Lair:2)
  The ghost of Ihaivurph the Soothsayer, a journeyman DsMo of Nemelex Xobeh (Lair:5)
  Snorg (Lair:3)
  Harold (D:7)
  A fire dragon (Volcano)
  Fannar (Lair:2)
  7 hydras
  2 two-headed ogres
  Nergalle (Lair:1)
  A swamp dragon (Lair:3)
  3 salamanders (Volcano)
  4 black mambas
  A torpor snail (Lair:3)
  8 spiny frogs
  2 komodo dragons
  A queen bee (Lair:3)
  A troll (D:10)
  4 blink frogs (Lair:2)
  7 hippogriffs
  18 yaks
  Sigmund (D:2)
  3 wyverns
  A basilisk (Lair:1)
  6 fire bats (Volcano)
  A steam dragon (Volcano)
  Menkaure (D:6)
  2 hell hounds (Lair:1)
  6 nagas (Lair:3)
  4 porcupines
  Duvessa (D:6)
  3 water moccasins
  A black bear (D:9)
  3 ice beasts
  4 orc warriors
  2 sky beasts (D:6)
  An eye of draining (D:10)
  18 ogres
  2 phantoms
  7 necrophages (Lair:3)
  12 wolves
  A centaur (D:9)
  10 crocodiles
  A big kobold (D:7)
  5 bullfrogs
  Dowan (D:6)
  2 scorpions
  29 killer bees
  5 wights (D:9)
  4 electric eels
  4 howler monkeys
  3 crimson imps
  4 bullfrog zombies
  2 bullfrog skeletons
  3 centaur zombies
  4 jellies
  A centaur skeleton (D:8)
  5 orc priests
  14 hounds
  12 orc wizards
  5 iguanas
  Crazy Yiuf (D:7)
  4 worker ants
  A killer bee zombie (D:9)
  2 hound zombies
  A hound skeleton (D:4)
  4 mummies (Ossuary)
  4 gnolls (D:5)
  10 adders
  3 oozes
  2 worms
  4 leopard geckos
  47 orcs
  4 ball pythons
  9 bats
  3 giant cockroaches
  5 goblins
  5 hobgoblins
  10 jackals
  17 kobolds
  7 quokkas
  4 frilled lizards
  A gnoll zombie (Ossuary)
  4 kobold zombies (Ossuary)
  An orc zombie (Ossuary)
  4 rats
  4 plants (Volcano)
421 creatures vanquished.

Vanquished Creatures (collateral kills)
  An ogre (Volcano)
1 creature vanquished.

Vanquished Creatures (others)
  A blink frog (Lair:2)
  A wyvern (Volcano)
  A steam dragon (Volcano)
  A porcupine (Lair:2)
  2 crocodiles
  3 fungi (Lair:2)
  44 plants
53 creatures vanquished.

Grand Total: 475 creatures vanquished

Notes
Turn   | Place    | Note
-------+----------+-------------------------------------------
     0 | D:1      | BoppinsLewinski the Draconian Fighter began the quest for
                  | the Orb.
     0 | D:1      | Reached XP level 1. HP: 19/19 MP: 1/1
   175 | D:1      | Reached XP level 2. HP: 25/26 MP: 2/2
   392 | D:1      | Reached XP level 3. HP: 31/31 MP: 3/3
   764 | D:2      | Noticed Sigmund
   770 | D:2      | Killed Sigmund
   770 | D:2      | Reached skill level 3 in Axes
   770 | D:2      | Reached XP level 4. HP: 23/40 MP: 4/4
   770 | D:2      | Reached XP level 5. HP: 26/46 MP: 5/5
   952 | D:2      | Reached skill level 4 in Axes
  1585 | D:3      | Reached XP level 6. HP: 52/53 MP: 6/6
  2108 | D:4      | Found a shimmering altar of Xom.
  2199 | D:4      | Gained mutation: Your magical capacity is low. (-10% MP)
                  | [potion of mutation]
  2199 | D:4      | Gained mutation: Your spells are a little easier to cast,
                  | but a little less powerful. [potion of mutation]
  2199 | D:4      | Gained mutation: You have a pair of small antennae on your
                  | head. [potion of mutation]
  2205 | D:4      | Reached skill level 5 in Axes
  2205 | D:4      | Your scales start taking on a pale cyan-grey colour.
  2205 | D:4      | Reached XP level 7. HP: 46/60 MP: 6/6
  2758 | D:4      | Reached skill level 5 in Fighting
  3222 | D:4      | Found Viz Gaar's Assorted Antiques.
  3447 | D:4      | Reached skill level 6 in Axes
  3447 | D:4      | Reached skill level 5 in Shields
  3459 | D:4      | Reached XP level 8. HP: 28/69 MP: 7/7
  3744 | D:5      | Entered Level 5 of the Dungeon
  3771 | D:5      | Found a snail-covered altar of Cheibriados.
  3896 | D:5      | Found a sand-covered staircase.
  3902 | Ossuary  | Entered an ossuary
  4250 | D:5      | Reached skill level 5 in Dodging
  4267 | D:5      | Reached skill level 7 in Axes
  5426 | D:6      | Reached XP level 9. HP: 59/78 MP: 8/8
  5778 | D:6      | Found a bloodstained altar of Trog.
  5815 | D:6      | Noticed Duvessa
  5815 | D:6      | Noticed Dowan
  5837 | D:6      | Killed Duvessa
  5837 | D:6      | Reached skill level 8 in Axes
  5849 | D:6      | Killed Dowan
  6006 | D:6      | Noticed Menkaure
  6027 | D:6      | Killed Menkaure
  6246 | D:6      | Found a white marble altar of Elyvilon.
  6548 | D:7      | Noticed Harold
  6590 | D:7      | Killed Harold
  6590 | D:7      | Reached skill level 9 in Axes
  7132 | D:7      | Found a staircase to the Ecumenical Temple.
  7141 | Temple   | Entered the Ecumenical Temple
  7146 | Temple   | Became a worshipper of Qazlal Stormbringer
  7488 | D:7      | Lost mutation: You have a pair of small antennae on your
                  | head. [potion of mutation]
  7488 | D:7      | Lost mutation: Your spells are a little easier to cast, but
                  | a little less powerful. [potion of mutation]
  7488 | D:7      | Gained mutation: You are robust. (+10% HP) [potion of
                  | mutation]
  7488 | D:7      | Gained mutation: Scrolls take you a little longer to read.
                  | [potion of mutation]
  7488 | D:7      | Gained mutation: You are resistant to electric shocks.
                  | (rElec) [potion of mutation]
  7488 | D:7      | Gained mutation: Your flesh is heat resistant. (rF+)
                  | [potion of mutation]
  7489 | D:7      | Lost mutation: Scrolls take you a little longer to read.
                  | [potion of mutation]
  7489 | D:7      | Lost mutation: You are robust. (+10% HP) [potion of
                  | mutation]
  7489 | D:7      | Gained mutation: Your tail ends in a poisonous barb.
                  | [potion of mutation]
  7489 | D:7      | Gained mutation: You have a pair of small horns on your
                  | head. [potion of mutation]
  7568 | D:7      | Found a runed translucent door.
  7569 | D:7      | Noticed Crazy Yiuf
  7575 | D:7      | Killed Crazy Yiuf
  7628 | D:7      | Reached skill level 1 in Invocations
  7628 | D:7      | Reached XP level 10. HP: 85/86 MP: 10/10
  8054 | D:8      | Found Saju's Antique Weapon Shoppe.
  8056 | D:8      | Found a runed translucent gate.
  8091 | D:8      | Found a runed translucent gate.
  8093 | D:8      | Noticed Alphaeus's ghost (novice TrEE)
  8394 | D:8      | Found a runed translucent gate.
  8425 | D:8      | Found Qaoshras's Book Shoppe.
  8565 | D:8      | Found Ratoroust's Food Shoppe.
  8757 | D:8      | Identified Riraoc's Almanac of the Mutagenic Voyage
  8810 | D:8      | Found Hohaor's General Store.
  8816 | D:8      | Bought a +0 broad axe for 52 gold pieces
  8818 | D:8      | Bought a +1 hat for 143 gold pieces
  9016 | D:8      | Found a faded altar of an unknown god.
  9016 | D:8      | Found a glowing silver altar of Zin.
  9021 | D:8      | Found a burning altar of Makhleb.
  9023 | D:8      | Found an iron altar of Okawaru.
  9024 | D:8      | Found a snail-covered altar of Cheibriados.
  9316 | D:9      | Reached * piety under Qazlal
  9673 | D:9      | Found Ocvan's Antique Weapon Boutique.
 10153 | D:9      | Reached skill level 10 in Axes
 10481 | D:10     | Entered Level 10 of the Dungeon
 10535 | D:10     | Noticed a six-headed hydra
 10549 | D:10     | Killed a six-headed hydra
 10740 | D:10     | Reached ** piety under Qazlal
 10833 | D:10     | Reached skill level 5 in Invocations
 10838 | D:10     | Reached XP level 11. HP: 79/95 MP: 13/13
 11020 | D:10     | Found a staircase to the Lair.
 11077 | D:10     | Noticed a two-headed ogre
 11084 | D:10     | Killed a two-headed ogre
 11636 | Lair:1   | Entered Level 1 of the Lair of Beasts
 11729 | Lair:1   | Found a dark tunnel.
 11735 | Volcano  | Entered a volcano
 11969 | Volcano  | Reached skill level 5 in Evocations
 12037 | Volcano  | Reached *** piety under Qazlal
 12303 | Volcano  | Noticed a two-headed ogre
 12312 | Volcano  | Killed a two-headed ogre
 12312 | Volcano  | Reached skill level 11 in Axes
 12590 | Volcano  | Noticed a fire dragon
 12601 | Volcano  | Killed a fire dragon
 12891 | Lair:1   | Reached XP level 12. HP: 38/104 MP: 15/15
 13439 | Lair:1   | Noticed Nergalle
 13449 | Lair:1   | Killed Nergalle
 13896 | Lair:2   | Noticed Fannar
 13908 | Lair:2   | Noticed Gastronok
 13977 | Lair:2   | Killed Gastronok
 14024 | Lair:2   | Killed Fannar
 14024 | Lair:2   | Reached skill level 12 in Axes
 15487 | Lair:3   | Reached skill level 10 in Fighting
 15968 | Lair:3   | Reached XP level 13. HP: 38/113 MP: 14/18
 16093 | Lair:3   | Noticed Snorg
 16107 | Lair:3   | Killed Snorg
 16564 | Lair:3   | Found a staircase to the Swamp.
 16904 | Lair:3   | Found a staircase to the Snake Pit.
 17761 | Lair:4   | Reached skill level 10 in Invocations
 19015 | Lair:5   | Found a viscous altar of Jiyva.
 19016 | Lair:5   | Found a staircase to the Slime Pits.
 19441 | Lair:5   | Found a runed translucent gate.
 19441 | Lair:5   | Found a runed translucent gate.
 19441 | Lair:5   | Found a runed translucent gate.
 19443 | Lair:5   | Noticed Ihaivurph's ghost (journeyman DsMo)
 19690 | Lair:5   | Killed Ihaivurph's ghost
 20278 | Lair:6   | Entered Level 6 of the Lair of Beasts
 20315 | Lair:6   | Noticed Nessos
 20326 | Lair:6   | Shot with an arrow by Nessos

Levels and vault maps discovered:
D:1:      evilmike_arrival_sounds_zot, layout_rooms, serial_rivers,
          chequers_serial_rivers_room_b, chequers_serial_rivers_room_a,
          chequers_serial_rivers_small_a, chequers_serial_rivers_room_b,
          minmay_domino_2
D:2:      layout_loops_ring, first_ration, kennysheep_crisscross, uniq_sigmund
D:3:      layout_loops_ring
D:4:      layout_rooms, kennysheep_mini_moat, serial_shops,
          nicolae_shop_overgrown_old_shop
D:5:      layout_basic, lightli_ossuary_entry_decrepit_ruins, basic_altar
D:6:      layout_basic, elyvilon_altar_5, lemuel_doored_altar, uniq_menkaure,
          uniq_duvessa
D:7:      layout_gridville, minmay_temple_entry_overgrown, serial_park_tiny_1,
          grunt_ogre_cave, uniq_harold, uniq_crazy_yiuf_cottage
D:8:      layout_layer_cave, chequers_temple_overflow_minitemple, serial_shops,
          nicolae_shop_competitors_out_of_business, shop, shop,
          nicolae_shop_temple_entry_statues_fountains,
          gammafunk_ghost_nasty_kobolds
D:9:      layout_rooms, serial_shops, shop, kennysheep_decorative_pillar,
          dk_noncrumbling_4
D:10:     layout_long_grid, erik_lair_island
Temple:   minmay_freezing_vapour_temple
Lair:1:   layout_roguey, enter_volcano_3, lemuel_fruit_fields,
          grunt_megastairs_2, infiniplex_staircase_pool, uniq_nergalle
Lair:2:   layout_small_grid, serial_bayou_crossing, uniq_gastronok, uniq_fannar
Lair:3:   layout_roguey [special_room_bee], minmay_swamp_entry_reptiles,
          minmay_snake_entry_guardpost_large, serial_bayou,
          serial_bayou_lagoon_a, serial_bayou_shore_b, serial_bayou_shore_b,
          serial_bayou_shore_b, roderic_carrion_pond, uniq_snorg
Lair:4:   layout_cave_pods, st_stairs_9, lemuel_fruit_fields
Lair:5:   layout_loops_ring, slime_altar_1, gammafunk_ghost_hydra_chop
Lair:6:   evilmike_catoblepas_cave, layout_gridlike, grunt_megastairs_4,
          lemuel_fruit_tree, uniq_nessos, uniq_josephine, uniq_urug

Skill      XL: |  1  2  3  4  5  6  7  8  9 10 11 12 13 |
---------------+----------------------------------------+-----
Dodging        | 3 4 5 6 7 8 |  8.9
Fighting       | 4 5 6 7 8 9 10 | 10.4
Axes           | 3 4 5 6 7 9 10 11 12 | 12.8
Shields        | 4 5 6 7 8 9 |  9.7
Evocations     | 2 4 5 7 |  7.7
Invocations    | 1 5 7 9 10 | 10.5

Action                   |  1- 3 |  4- 6 |  7- 9 | 10-12 | 13-15 || total
-------------------------+-------+-------+-------+-------+-------++-------
Melee: War axe           |    86 |   173 |   463 |    76 |       ||   798
       Tailslap          |     8 |    19 |    76 |   116 |    37 ||   256
       Unarmed           |       |       |    10 |       |       ||    10
       Headbutt          |       |       |     2 |   139 |    29 ||   170
       Broad axe         |       |       |       |   551 |    93 ||   644
       Flail             |       |       |       |       |    46 ||    46
Invok: Elemental Force   |       |       |       |     1 |     2 ||     3
       Upheaval          |       |       |       |     7 |     4 ||    11
 Abil: Breathe Steam     |       |       |     2 |    13 |     3 ||    18
Evoke: Wand              |       |       |       |    17 |    15 ||    32
       Lightning rod     |       |       |       |     8 |     5 ||    13
       Fan of gales      |       |       |       |       |     1 ||     1
  Use: Scroll            |     1 |     5 |     6 |     9 |     3 ||    24
       Potion            |     1 |     5 |    11 |    15 |     6 ||    38
 Stab: Invisible         |       |       |       |     8 |       ||     8
  Eat: Chunk             |       |     5 |     7 |    15 |     1 ||    28
       Ration            |       |       |     3 |     4 |     5 ||    12
Armor: Skin              |    46 |    65 |   126 |   134 |    40 ||   411
Dodge: Dodged            |    46 |    93 |   181 |   293 |    74 ||   687
Block: Shield            |    55 |   106 |   232 |   547 |   156 ||  1096

Table legend:
 A = Non-vault XP
 B = Vault XP
 C = Vault XP percentage of total XP
 D = Non-vault monster count
 E = Vault monster count
 F = Vault count percentage of total count
                 A         B        C        D         E       F
            +---------+---------+-------+---------+---------+-------
      Total |   26909 |   24439 |  47.6 |     312 |     108 |  25.7
            +---------+---------+-------+---------+---------+-------
        D:1 |      40 |       2 |   4.8 |      20 |       2 |   9.1
        D:2 |      52 |     205 |  79.8 |      23 |       1 |   4.2
        D:3 |     393 |       0 |   0.0 |      27 |       0 |   0.0
        D:4 |     845 |       0 |   0.0 |      30 |       0 |   0.0
        D:5 |     643 |       0 |   0.0 |      22 |       0 |   0.0
        D:6 |    1089 |     388 |  26.3 |      24 |       3 |  11.1
        D:7 |     605 |    1199 |  66.5 |      24 |       3 |  11.1
        D:8 |    1143 |       0 |   0.0 |      22 |       0 |   0.0
        D:9 |    2710 |       0 |   0.0 |      36 |       0 |   0.0
       D:10 |    3545 |     849 |  19.3 |      21 |       9 |  30.0
     Lair:1 |    2579 |    1191 |  31.6 |      11 |       4 |  26.7
     Lair:2 |    5787 |    3147 |  35.2 |      28 |       2 |   6.7
     Lair:3 |    3484 |    5476 |  61.1 |      13 |      42 |  76.4
     Lair:4 |    1360 |     989 |  42.1 |       2 |       1 |  33.3
     Lair:5 |    2222 |    4445 |  66.7 |       7 |       4 |  36.4
     Lair:6 |     412 |       0 |   0.0 |       2 |       0 |   0.0
    Ossuary |       0 |     167 | 100.0 |       0 |      12 | 100.0
    Volcano |       0 |    6381 | 100.0 |       0 |      25 | 100.0
            +---------+---------+-------+---------+---------+-------
